 Dungeon Crawl Stone Soup version 0.19.1-1-g22dce08 (webtiles) character file.

205 dngmouse the Chopper (level 5, 0/48 HPs)
             Began as a Minotaur Fighter on Jan 16, 2017.
             Killed from afar by an orc wizard (10 damage)
             ... with a magic dart
             ... on level 3 of the Dungeon.
             The game lasted 00:05:55 (2731 turns).

dngmouse the Chopper (Minotaur Fighter)             Turns: 2731, Time: 00:05:56

Health: 0/48       AC:  6    Str: 22    XL:     5   Next: 53%
Magic:  13/13      EV:  7    Int:  5    God:
Gold:   115        SH:  0    Dex:  9    Spells: 0 memorised, 4 levels left

rFire  . . .     SeeInvis .     a - +0 war axe
rCold  . . .     Gourm    .     b - +0 scale mail
rNeg   + . .     Faith    .     c - +0 shield
rPois  .         Spirit   .     (helmet restricted)
rElec  .         Reflect  .     (no cloak)
rCorr  .         Harm     .     (no gloves)
MR     .....                    (no boots)
Stlth  ..........               (no amulet)
                                v - ring of magical power
                                u - ring of positive energy

@: confused
A: retaliatory headbutt, horns 2
a: no special abilities


You were on level 3 of the Dungeon.
You were very hungry.

You visited 1 branch of the dungeon, and saw 3 of its levels.

You collected 115 gold pieces.

Inventory:

Hand Weapons
 a - a +0 war axe (weapon)
Armour
 b - a +0 scale mail (worn)
 c - a +0 shield (worn)
Jewellery
 m - an uncursed ring of ice {unknown}
 u - a ring of positive energy (left hand)
 v - a ring of magical power (right hand)
Scrolls
 e - a scroll of remove curse {unknown}
 g - a scroll of noise {unknown}
 h - 2 scrolls of enchant armour {unknown}
 i - 2 scrolls of recharging {unknown}
 j - a scroll of magic mapping {unknown}
 k - a scroll of blinking {unknown}
 n - 2 scrolls of identify {unknown}
 p - a scroll of teleportation {unknown}
 s - a scroll of immolation {unknown}
 t - a scroll of amnesia {unknown}
Potions
 d - a potion of might
 l - 2 potions of flight {unknown}
 o - a potion of degeneration {unknown}
 x - a potion of agility {unknown}
Comestibles
 f - 3 bread rations
 q - a beef jerky
 r - a meat ration
 w - a slice of pizza


   Skills:
 - Level 5.0 Fighting
 * Level 6.1 Axes
 - Level 3.6 Armour
 - Level 3.6 Shields


You had 4 spell levels left.
You didn't know any spells.

Dungeon Overview and Level Annotations

Branches:
Dungeon (3/15)

Altars:
Ashenzari


Innate Abilities, Weirdness & Mutations

You reflexively headbutt those who attack you in melee.
You have a pair of horns on your head.


Message History

You slash the rat!
You kill the rat!
You miss something.
You hear some strange, mumbled words.
You are confused.
You hear some strange, mumbled words.
You are more confused.
A magic dart appears from out of thin air!
The magic dart hits you!
* * * LOW HITPOINT WARNING * * *
Something hits you but does no damage.
You closely miss something. Your headbutt misses something.
Something hits you but does no damage.
You hear some strange, mumbled words.
A puff of flame appears from out of thin air!
The puff of flame hits you!
* * * LOW HITPOINT WARNING * * *
A magic dart appears from out of thin air!
The magic dart hits you!
You die...

#.........#..#####.#..##
#.........#..# ##.#..##
#.........#..# #.......
####.###'#....####..#..#<
..................[......
####...#.#....####.#.....
###.#.####.# #.#.#..#
.<#......# #...####
...#####@.##### #####
..........# ..######{##
#.)# ##.# .# .# ## ####


There were no monsters in sight!

Vanquished Creatures
  An orc priest (D:3)
  4 gnolls
  5 adders
  A worm (D:2)
  4 dart slugs
  2 leopard geckos (D:1)
  3 orcs (D:3)
  2 ball pythons
  12 bats
  6 giant cockroaches
  8 goblins
  6 hobgoblins
  6 jackals
  9 kobolds
  A quokka (D:2)
  4 frilled lizards
  8 rats
82 creatures vanquished.

Notes
Turn   | Place    | Note
-------+----------+-------------------------------------------
     0 | D:1      | dngmouse the Minotaur Fighter began the quest for the Orb.
     0 | D:1      | Reached XP level 1. HP: 19/19 MP: 0/0
    59 | D:1      | Found a shattered altar of Ashenzari.
   118 | D:1      | Reached skill level 3 in Axes
   292 | D:1      | Reached XP level 2. HP: 27/27 MP: 1/1
   533 | D:1      | Reached XP level 3. HP: 33/33 MP: 2/2
  1139 | D:1      | Reached skill level 4 in Axes
  1329 | D:1      | Reached XP level 4. HP: 6/41 MP: 3/3
  1805 | D:2      | Reached skill level 5 in Axes
  2113 | D:2      | Reached XP level 5. HP: 43/47 MP: 4/4
  2458 | D:3      | Reached skill level 5 in Fighting
  2723 | D:3      | Reached skill level 6 in Axes
  2731 | D:3      | Killed from afar by an orc wizard

Skill      XL: |  1  2  3  4  5 |
---------------+----------------+-----
Axes           | 3 4 5 6 |  6.1
Fighting       | 4 5 |  5.0
Armour         | |  3.6
Shields        | |  3.6

Action                   |  1- 3 |  4- 6 || total
-------------------------+-------+-------++-------
Melee: War axe           |    85 |   124 ||   209
       Headbutt          |    11 |    15 ||    26
  Eat: Chunk             |     1 |     4 ||     5
Armor: Scale mail        |    34 |    59 ||    93
Dodge: Dodged            |    31 |    29 ||    60
Block: Shield            |    43 |    60 ||   103
